 Dungeon Crawl Stone Soup version 0.21.0-36-ge3e1d5aaab (webtiles) character file.

322 Jannitor the Skirmisher (level 6, -2/49 HPs)
             Began as a Mummy Chaos Knight on Jan 29, 2018.
             Slain by an orc wizard
             ... wielding a +0 dagger
              (3 damage)
             ... on level 6 of the Dungeon.
             The game lasted 00:12:53 (3699 turns).

Jannitor the Skirmisher (Mummy Chaos Knight)        Turns: 3699, Time: 00:12:53

Health: -2/49      AC:  7    Str: 18    XL:     6   Next: 22%
Magic:  6/6        EV: 11    Int: 11    God:    Xom [.*....]
Gold:   76         SH:  4    Dex: 11    Spells: 5/5 levels left

rFire    x . .     SeeInvis .   m - +2 trident (vamp)
rCold    + . .     Gourm    .   j - +0 buckler
rNeg     + + +     Faith    .   b - +2 leather armour
rPois    ∞         Spirit   .   n - +1 helmet
rElec    .         Reflect  .   (no cloak)
rCorr    .         Harm     .   (no gloves)
MR       .....                  (no boots)
Stlth    +.........             (no amulet)
HPRegen  0.16/turn              (no ring)
MPRegen  0.10/turn              (no ring)

@: no status effects
A: no food or potions, fire vulnerability, cold resistance 1, negative energy
resistance 3, torment resistance, unbreathing
a: Renounce Religion


You were on level 6 of the Dungeon.
You worshipped Xom.
You were a plaything of Xom.
You were not hungry.

You visited 1 branch of the dungeon, and saw 6 of its levels.

You collected 76 gold pieces.

Inventory:

Hand Weapons
 a - a +0 mace of chaos
 m - a +2 vampiric trident (weapon)
Missiles
 c - 105 stones (quivered)
 i - a throwing net
Armour
 b - a +2 leather armour (worn)
 h - a +0 plate armour
 j - a +0 buckler (worn)
 n - a +1 helmet (worn)
Scrolls
 d - a scroll of amnesia
 e - a scroll of remove curse
 f - 2 scrolls of identify
 l - a scroll of noise {unknown}
Comestibles
 o - a ration


   Skills:
 + Level 4.5 Fighting
 - Level 3.7 Maces & Flails
 + Level 1.7 Polearms
 - Level 1.5 Armour
 - Level 0.7 Dodging
 + Level 2.3 Shields


You had 5 spell levels left.
You didn't know any spells.

Dungeon Overview and Level Annotations

Branches:
Dungeon (6/15)             Temple (0/1) D:6

Altars:
Kikubaaqudgha
Nemelex Xobeh
Uskayaw
Yredelemnul
The Shining One

Annotations:
D:3 Ijyb
D:4 gmrwt's ghost, amateur TrMo
D:5 Stone's ghost, novice FoFi


Innate Abilities, Weirdness & Mutations

You do not eat or drink.
Your flesh is vulnerable to fire.
You are immune to poison.
Your flesh is cold resistant. (rC+)
You are immune to negative energy. (rN+++)
You are immune to unholy pain and torment.
You can survive without breathing.


Message History

You barely miss something. Something hits you but does no damage.
Something hits you.
* * * LOW HITPOINT WARNING * * *
Unknown command.
You miss something.
You hear some strange, mumbled words.
Something tries to affect you, but you resist.
You closely miss something. Something hits you but does no damage.
You hit something. Something hits you but does no damage.
You hit something but do no damage.
You hear some strange, mumbled words.
A magic dart appears from out of thin air!
The magic dart hits you!
* * * LOW HITPOINT WARNING * * *
Something hits you but does no damage.
Unknown command.
You hit something but do no damage. Something hits you but does no damage.
You barely miss something. Something hits you.
You die... "Boring in life, boring in death..."

** ,* ,* ,* ** *
#########
######..{{@..#
##...##.#####.#
######.$...#.####*.#
....##.....)....##.#
*#...#.....#.......#
##...{....##..###..#
.....#######..# #..#
##.### ##.###5##
*#.# ***** #.....#


There were no monsters in sight!

Vanquished Creatures
  A sky beast (D:5)
  An ogre (D:6)
  An orc priest (D:5)
  Robin (D:3)
  3 adders (D:2)
  A worm (D:2)
  3 dart slugs
  2 leopard geckos
  17 orcs
  3 giant cockroaches
  6 hobgoblins
  3 jackals
  8 kobolds
  A quokka (D:2)
  A ball python (D:3)
  5 bats
  A frilled lizard (D:1)
  11 goblins
  A quokka skeleton (D:5)
  8 rats
78 creatures vanquished.

Notes
Turn   | Place    | Note
-------+----------+-------------------------------------------
     0 | D:1      | Jannitor the Mummy Chaos Knight began the quest for the Orb.
     0 | D:1      | Reached XP level 1. HP: 18/18 MP: 1/1
    64 | D:1      | Reached XP level 2. HP: 24/24 MP: 2/2
   590 | D:2      | XOM: noise
  1113 | D:2      | Reached XP level 3. HP: 28/29 MP: 3/3
  1212 | D:2      | XOM: mild Summ miscast
  1387 | D:2      | XOM: harmless Hex miscast
  1656 | D:2      | Found a glowing golden altar of the Shining One.
  1658 | D:2      | Noticed an angel
  1673 | D:2      | Found a basalt altar of Yredelemnul.
  1675 | D:2      | Noticed a profane servitor
  1709 | D:2      | XOM: potion effect (agility)
  1758 | D:2      | Found a sparkling altar of Nemelex Xobeh.
  1953 | D:2      | Found a hide-covered altar of Uskayaw.
  2109 | D:2      | XOM: silly message
  2139 | D:2      | Reached skill level 1 in Shields
  2139 | D:2      | Reached XP level 4. HP: 36/36 MP: 4/4
  2331 | D:3      | XOM: confuse monster(s)
  2419 | D:3      | Found an ancient bone altar of Kikubaaqudgha.
  2426 | D:3      | Noticed Robin
  2555 | D:2      | XOM: harmless Fire miscast
  2841 | D:2      | XOM: god gift: glowing green potion {god gift}
  3074 | D:3      | XOM: noise
  3233 | D:3      | XOM: chaos upgrade
  3235 | D:3      | Killed Robin
  3376 | D:3      | Found a faded altar of an unknown god.
  3460 | D:3      | Noticed Ijyb
  3481 | D:4      | Noticed an ogre
  3483 | D:4      | Noticed gmrwt's ghost (amateur TrMo)
  3492 | D:4      | XOM: polymorph leopard gecko -> ooze
  3493 | D:4      | XOM: cast spell 'Dispersal'
  3495 | D:5      | Entered Level 5 of the Dungeon
  3496 | D:5      | XOM: god gift: ration
  3501 | D:5      | XOM: mild Erth miscast
  3506 | D:5      | XOM: potion effect (might)
  3518 | D:5      | Reached skill level 4 in Fighting
  3518 | D:5      | Reached XP level 5. HP: 21/42 MP: 5/5
  3543 | D:5      | Noticed a sky beast
  3543 | D:5      | Noticed Stone's ghost (novice FoFi)
  3548 | D:5      | XOM: enchant monster (bad)
  3551 | D:5      | XOM: summons 3 friendly demons
  3557 | D:5      | XOM: swap monsters
  3559 | D:5      | Killed a sky beast
  3559 | D:5      | Reached skill level 1 in Polearms
  3570 | D:5      | HP: 2/43 [Stone's ghost (15)]
  3572 | D:5      | XOM: divination: detect items
  3576 | D:6      | Noticed an orc warrior
  3584 | D:6      | Noticed an ogre
  3598 | D:6      | XOM: confuse monster(s)
  3603 | D:6      | XOM: enchant monster (bad)
  3631 | D:6      | Killed an ogre
  3631 | D:6      | Reached XP level 6. HP: 11/49 MP: 6/6
  3641 | D:6      | XOM: noise
  3678 | D:6      | XOM: blink monster(s)
  3679 | D:6      | XOM: enchant monster (bad)
  3697 | D:6      | HP: 1/49 [something/magic dart (3)]
  3699 | D:6      | Slain by an orc wizard

Skill      XL: |  1  2  3  4  5 |
---------------+----------------+-----
Maces & Flails | 3 |  3.7
Shields        | 1 2 |  2.3
Fighting       | 4 |  4.5
Polearms       | 1 |  1.7
Armour         | |  1.5
Dodging        | |  0.7

Action                   |  1- 3 |  4- 6 || total
-------------------------+-------+-------++-------
Melee: Mace              |    89 |    76 ||   165
       Trident           |       |    64 ||    64
Throw: Stone             |   111 |    65 ||   176
       Tomahawk          |       |     9 ||     9
  Use: Scroll            |     1 |     5 ||     6
Armor: Leather armour    |    33 |    53 ||    86
Dodge: Dodged            |    39 |    63 ||   102
Block: Buckler           |    10 |    28 ||    38
